 Dungeon Crawl Stone Soup version 0.18-b1-10-g3f7de93 (webtiles) character file.

4685 RudyRod the Conjurer (level 10, -1/67 HPs)
             Began as a Demonspawn Fire Elementalist on Apr 29, 2016.
             Was a High Priest of Sif Muna.
             Killed by divine providence
             ... invoked by an orc priest
              (13 damage)
             ... on level 8 of the Dungeon.
             The game lasted 01:45:45 (11509 turns).

RudyRod the Conjurer (DsFE)                        Turns: 11509, Time: 01:45:46

Health: -1/67      AC:  9    Str:  7 (9)  XL:     10   Next: 21%
Magic:  19/29      EV: 14    Int: 17 (19) God:    Sif Muna [*****.]
Gold:   439        SH:  0    Dex: 11 (14) Spells: 5 memorised, 10 levels left

rFire  + . .     SeeInvis .     r - +3 dagger (speed)
rCold  . . .     Gourm    .     x - +2 robe
rNeg   . . .     Faith    +     (no shield)
rPois  .         Spirit   .     z - +0 helmet
rElec  .         Dismiss  .     o - +1 cloak
rCorr  .         Reflect  .     C - +0 pair of gloves
SustAt .         Harm     .     w - +0 pair of boots
MR     .....                    y - amulet of faith
Stlth  ++++......               F - ring of magical power
                                G - ring of protection from fire

@: very slightly contaminated, hasted, very quick, not resistant to hostile
enchantments, stealthy
A: hooves 2, nightstalker 2, rot immunity
a: Channel Energy, Forget Spell, Renounce Religion


You were on level 8 of the Dungeon.
You worshipped Sif Muna.
Sif Muna was extremely pleased with you.
You were not hungry.

You visited 2 branches of the dungeon, and saw 9 of its levels.

You collected 439 gold pieces.

Inventory:

Hand Weapons
 e - a +0 whip
 r - a +3 dagger of speed (weapon)
 v - a +3 flail of crushing
 J - a cursed -3 shortbow
 S - a +4 shortbow
 W - a +2 dire flail of draining
Armour
 a - a +0 robe
 j - a +0 robe
 o - a +1 cloak (worn)
 w - a +0 pair of boots (worn)
 x - a +2 robe (worn)
 z - a +0 helmet (worn)
 C - a +0 pair of gloves (worn)
 H - a +1 leather armour of fire resistance
 O - a +1 troll leather armour
 Y - a +0 animal skin
Jewellery
 y - an amulet of faith (around neck)
 F - a ring of magical power (right hand)
 G - a ring of protection from fire (left hand)
Wands
 l - a wand of confusion (22/48)
 M - a wand of lightning (8/15)
 Q - a wand of flame (29/48)
 R - a wand of lightning (2/15)
 T - a wand of slowing (26/48)
Scrolls
 d - 2 scrolls of enchant weapon
 m - a scroll of immolation
 n - 3 scrolls of magic mapping
 A - a scroll of blinking {unknown}
 I - a scroll of recharging {unknown}
 N - a scroll of enchant armour
 U - a scroll of fog {unknown}
 V - a scroll of identify
 X - a scroll of acquirement {unknown}
Potions
 h - 2 potions of haste
 i - 2 potions of curing
 q - 3 potions of degeneration
 s - a potion of ambrosia
 t - a potion of might
 u - 2 potions of flight {unknown}
 E - a potion of berserk rage {unknown}
 K - 2 potions of agility
 L - a potion of magic {unknown}
 P - a potion of resistance {unknown}
Books
 b - a book of Flames

   Spells                             Type                      Level
   a - Flame Tongue                   Conjuration/Fire             1
   b - Throw Flame                    Conjuration/Fire             2
   c - Conjure Flame                  Conjuration/Fire             3
   d - Inner Flame                    Hexes/Fire                   3
   e - Sticky Flame                   Conjuration/Fire             4
   f - Fireball                       Conjuration/Fire             5
 f - Sif Muna's Catalogue of Aid
   (You found it on level 2 of the Dungeon)

   Spells                             Type                      Level
   a - Infusion                       Charms                       1
Comestibles
 c - 3 bread rations
 g - 5 meat rations
 k - a royal jelly
 B - 2 beef jerkies
 D - 4 slices of pizza


   Skills:
 + Level 1.9 Fighting
 + Level 1.2 Short Blades
 + Level 6.1 Dodging
 + Level 3.9 Stealth
 + Level 7.2 Spellcasting
 + Level 7.2 Conjurations
 + Level 7.2 Fire Magic


You had 10 spell levels left.
You knew the following spells:

 Your Spells              Type           Power        Failure   Level  Hunger
a - Flame Tongue          Conj/Fire      ####.        1%          1    None
b - Throw Flame           Conj/Fire      ####..       1%          2    None
c - Sticky Flame          Conj/Fire      ####....     8%          4    ####...
d - Fireball              Conj/Fire      ####......   17%         5    #####..
e - Infusion              Chrm           #...         14%         1    None


Dungeon Overview and Level Annotations

Branches:
Dungeon (8/15)             Temple (1/1) D:7
   Lair: D:8-11

Altars:
Ashenzari
Cheibriados
Dithmenos
Elyvilon
Fedhas
Gozag
Kikubaaqudgha
Makhleb
Nemelex Xobeh
Okawaru
Pakellas
Qazlal
Ru
Sif Muna
Trog
Vehumet
Xom
Yredelemnul
Zin
The Shining One

Shops:
D:6 }


Innate Abilities, Weirdness & Mutations

You have hoof-like feet.
You are significantly more attuned to the shadows.
You are immune to rotting.


Message History

Drink which item? (? for menu, Esc to quit)
You feel yourself speed up.
The orc warrior burns!
The orc priest calls down the wrath of Beogh upon you.
Beogh smites you!
The orc warrior zaps a wand.
You easily resist.
You are very lightly contaminated with residual magic.
You bump into the rock wall.
The orc warrior burns!
The orc warrior burns!
You kill the orc warrior!
The orc priest casts a cantrip, but nothing happens.
You bump into the rock wall.
You're too confused to move!
You bump into the rock wall.
The orc priest calls down the wrath of Beogh upon you.
Beogh smites you!
* * * LOW HITPOINT WARNING * * *
You bump into the rock wall.
You feel less confused.
The orc priest calls down the wrath of Beogh upon you.
Beogh smites you!
You die...

# #.#.# #.#.#.#.#
# #.#.# #.#.#.#.#
# #.#.# #.# #.#.#
# #.#.# #.# #.#.#
####.#.# #.# #.#.#
..##.#.###.# #.#.#
..'..#.....# #.#.#
[.##.......#.#.#.#
[.'..........#.#@#
.[##.#)###.###.#.#
[)<#.#.# #.# #.#.#
.#.#.#.# #.# #.#.#
.#.#.#.###.###.#o#
.#.#...........#)#
.#.........#####)#
.#####.##### #.#
............ ..#


You could see an orc priest.

Vanquished Creatures
  A troll (D:7)
  Sigmund (D:3)
  Grum (D:8)
  A hungry ghost (D:7)
  A hippogriff (D:7)
  A water moccasin (D:8)
  An ice beast (D:8)
  3 orc warriors
  Purgy (D:3)
  3 sky beasts
  A phantom (D:8)
  A black bear (D:8)
  4 wolves
  2 ogres
  2 centaurs (D:6)
  5 giant frogs
  4 wights (D:8)
  5 howler monkeys
  A centaur zombie (D:8)
  5 crimson imps
  2 quasits
  2 jellies (D:7)
  6 hounds
  6 orc priests
  A giant frog skeleton (D:7)
  12 orc wizards
  Jessica (D:3)
  Natasha (D:4)
  3 iguanas
  5 worker ants
  A hound zombie (D:6)
  A hound skeleton (D:5)
  4 gnolls
  8 adders
  A shadow imp (D:6)
  An ooze (D:2)
  3 adder skeletons
  2 worms
  8 giant geckos
  29 orcs
  6 giant cockroaches
  2 goblins
  5 hobgoblins
  8 jackals
  4 quokkas
  6 bats
  8 giant newts
  A jackal zombie (D:5)
  5 kobolds
  4 rats
190 creatures vanquished.

Notes
Turn   | Place    | Note
--------------------------------------------------------------
     0 | D:1      | RudyRod the Demonspawn Fire Elementalist began the quest for the Orb.
     0 | D:1      | Reached XP level 1. HP: 13/13 MP: 3/3
   424 | D:1      | Gained mutation: You have large cloven feet. [demonic ancestry]
   424 | D:1      | Reached XP level 2. HP: 19/19 MP: 1/5
  1043 | D:2      | Found a shattered altar of Ashenzari.
  1141 | D:2      | Found a faded altar to an unknown god.
  1207 | D:2      | Found a glowing silver altar of Zin.
  1579 | D:2      | Reached XP level 3. HP: 24/24 MP: 0/6
  1993 | D:2      | Found a deep blue altar of Sif Muna.
  1993 | D:2      | Found an ancient bone altar of Kikubaaqudgha.
  1995 | D:2      | Found a radiant altar of Vehumet.
  2000 | D:2      | Identified Sif Muna's Catalogue of Aid
  2020 | D:2      | Became a worshipper of Sif Muna the Loreminder
  2098 | D:3      | Found a bloodstained altar of Trog.
  2229 | D:3      | Noticed Jessica
  2243 | D:3      | Killed Jessica
  2243 | D:3      | Gained mutation: You have hoof-like feet. [demonic ancestry]
  2243 | D:3      | Reached XP level 4. HP: 27/30 MP: 0/7
  2339 | D:3      | Noticed Sigmund
  2365 | D:3      | Killed Sigmund
  2365 | D:3      | Gained mutation: You are immune to rotting. [demonic ancestry]
  2365 | D:3      | Reached XP level 5. HP: 16/35 MP: 7/9
  2649 | D:3      | Learned a level 2 spell: Throw Flame
  2856 | D:3      | Noticed Purgy
  3312 | D:4      | Found a snail-covered altar of Cheibriados.
  3373 | D:4      | Found an opulent altar of Gozag.
  3448 | D:4      | Gained mutation: You are slightly more attuned to the shadows. [demonic ancestry]
  3448 | D:4      | Reached XP level 6. HP: 41/41 MP: 8/10
  3555 | D:3      | Killed Purgy
  3895 | D:4      | Reached * piety under Sif Muna
  4228 | D:4      | Noticed Natasha
  4235 | D:4      | Killed Natasha
  4309 | D:4      | Found a stormy altar of Qazlal.
  4309 | D:4      | Noticed a fire elemental
  4311 | D:4      | Noticed an air elemental
  4312 | D:4      | Noticed a water elemental
  4335 | D:4      | Gained mutation: You are significantly more attuned to the shadows. [demonic ancestry]
  4335 | D:4      | Reached XP level 7. HP: 47/47 MP: 0/12
  4484 | D:4      | Learned a level 4 spell: Sticky Flame
  4558 | D:5      | Entered Level 5 of the Dungeon
  4854 | D:5      | Found a shadowy altar of Dithmenos.
  4957 | D:5      | Found a deep blue altar of Sif Muna.
  5507 | D:5      | Reached ** piety under Sif Muna
  5654 | D:5      | Reached skill level 5 in Fire Magic
  6090 | D:5      | Reached XP level 8. HP: 53/53 MP: 12/14
  6665 | D:6      | Found Wemyps's Gadget Shop.
  7003 | D:6      | Reached skill level 5 in Spellcasting
  7482 | D:7      | Reached skill level 5 in Conjurations
  7605 | D:7      | Noticed a troll
  7636 | D:7      | Killed a troll
  7636 | D:7      | Reached *** piety under Sif Muna
  7636 | D:7      | Reached skill level 1 in Fighting
  7792 | D:7      | Found a burning altar of Makhleb.
  7824 | D:7      | Learned a level 5 spell: Fireball
  7857 | D:7      | Reached XP level 9. HP: 59/59 MP: 7/17
  7982 | D:7      | Found a staircase to the Ecumenical Temple.
  7988 | Temple   | Entered the Ecumenical Temple
  8199 | D:7      | Found a shimmering altar of Xom.
  8384 | D:7      | Reached skill level 5 in Dodging
  8738 | D:7      | Found a sacrificial altar of Ru.
  9158 | D:8      | Reached **** piety under Sif Muna
  9158 | D:8      | Reached skill level 1 in Short Blades
  9718 | D:8      | Noticed Grum
  9730 | D:8      | Killed Grum
  9730 | D:8      | Reached ***** piety under Sif Muna
  9953 | D:8      | Reached XP level 10. HP: 39/66 MP: 11/20
 10488 | D:7      | Learned a level 1 spell: Infusion
 11509 | D:8      | Killed from afar by an orc priest

Skill      XL: |  1  2  3  4  5  6  7  8  9 10 |
---------------+-------------------------------+-----
Fire Magic     | 3 4 5 7 |  7.2
Dodging        | 2 3 4 5 6 |  6.1
Stealth        | 2 3 |  3.9
Spellcasting   | 3 4 5 7 |  7.2
Conjurations   | 2 3 4 5 6 7 |  7.2
Fighting       | 1 |  1.9
Short Blades   | 1 |  1.2

Action                   |  1- 3 |  4- 6 |  7- 9 | 10-12 || total
-------------------------+-------+-------+-------+-------++-------
Melee: Unarmed           |    22 |       |       |       ||    22
       Whip              |     9 |       |       |       ||     9
       Kick              |     2 |     4 |     3 |       ||     9
       Dagger            |     1 |    26 |   101 |    69 ||   197
 Cast: Flame Tongue      |    66 |    31 |   201 |    32 ||   330
       Throw Flame       |       |    28 |    59 |    18 ||   105
       Sticky Flame      |       |       |    29 |    13 ||    42
       Fireball          |       |       |     2 |       ||     2
       Infusion          |       |       |       |     1 ||     1
Invok: Channel Energy    |       |       |     3 |     1 ||     4
  Use: Potion            |       |     2 |     3 |     4 ||     9
       Scroll            |       |     5 |     9 |       ||    14
 Stab: Sleeping          |       |       |     3 |       ||     3
  Eat: Chunk             |     5 |       |    13 |     2 ||    20
       Bread ration      |       |     2 |     2 |     1 ||     5
       Pizza             |       |       |     1 |       ||     1
Armor: Robe              |    13 |     5 |   101 |    35 ||   154
       Troll leather arm |       |       |     8 |       ||     8
Dodge: Dodged            |    38 |    20 |   217 |    60 ||   335
